 Dungeon Crawl Stone Soup version 0.31-a0-174-g85c54bcb58 (webtiles) character file.

Game seed: 3968412827095091950

11212 samel the Bludgeoner (level 11, 0/107 HPs)
             Began as a Hill Orc Fighter on June 13, 2023.
             Was a Believer of Trog.
             Slain by an orc warrior
             ... wielding a +0 mace
              (6 damage)
             ... on level 9 of the Dungeon on June 15, 2023.
             The game lasted 01:22:17 (14757 turns).

samel the Bludgeoner (Hill Orc Fighter)            Turns: 14757, Time: 01:22:17

Health: 0/107      AC: 17    Str: 22    XL:     11   Next: 74%
Magic:  11/11      EV:  6    Int:  8    God:    Trog [**....]
Gold:   618        SH:  0    Dex: 18    Spells: 10/10 levels left

rFire   + . .        a - +4 dire flail (vamp)
rCold   . . .        (shield currently unavailable)
rNeg    . . .        X - +1 plate armour {rF+}
rPois   .            K - +0 helmet
rElec   .            (no cloak)
rCorr   .            (no gloves)
SInv    .            (no boots)
Will    ++++.        (no amulet) Stlth
                     t - +6 ring of dexterity
HPRegen 1.37/turn    y - ring of willpower
MPRegen 0.12/turn

%: no passive effects
@: strong-willed, regenerating
A: iridescent scales 2, strong-willed 1
a: Renounce Religion, Berserk, Trog's Hand


You were on level 9 of the Dungeon.
You worshipped Trog.
Trog was pleased with you.
You visited 4 branches of the dungeon, and saw 13 of its levels.

You collected 618 gold pieces.

Inventory:

Hand Weapons
 a - a +4 vampiric dire flail (weapon)
 k - a +2 antimagic dagger
 s - a +1 dagger of venom
 H - a +2 scimitar of freezing
 J - the +2 whip of Ascent {antimagic, rPois rN+}
   (You found it on level 2 of the Dungeon)

   rPois:     It protects you from poison.
   rN:        It protects you from negative energy.
 L - a +5 halberd
 M - a +0 whip of flaming
 N - a +1 hand axe of flaming
 O - the +5 dagger of Satyriasis {speed, rN+ Will+ Str+4}
   (You found it on level 9 of the Dungeon)

   Str:       It affects your strength (+4).
   rN:        It protects you from negative energy.
   Will:      It increases your willpower.
 P - a +0 orcbow
 Q - a +0 short sword of freezing
 S - a +3 dagger of chaos
 T - a +2 morningstar of protection
 V - a +0 dagger of speed
 W - a +2 heavy halberd
Missiles
 w - 2 throwing nets
 C - 24 poisoned darts
Armour
 h - a +2 kite shield
 A - a +0 robe of cold resistance
 K - a +0 helmet (worn)
 R - the +1 leather armour of Foehum {Harm rElec rPois Int-4}
   (You found it on level 10 of the Dungeon)

   Int:       It affects your intelligence (-4).
   rElec:     It insulates you from electricity.
   rPois:     It protects you from poison.
   Harm:      It increases damage dealt and taken.
 X - a +1 plate armour of fire resistance (worn)
Jewellery
 e - a +6 ring of dexterity
 t - a +6 ring of dexterity (left hand)
 u - a ring of positive energy
 y - a ring of willpower (right hand)
 z - a ring of protection from fire
 B - a ring of wizardry
 F - a ring of flight
Wands
 c - a wand of polymorph (9)
 j - a wand of flame (15)
 v - a wand of charming (3)
 x - a wand of roots (12)
 G - a wand of acid (6) (quivered)
 U - a wand of digging (2)
Scrolls
 b - a scroll of amnesia
 g - 2 scrolls of fear
 l - a scroll of identify
 m - a scroll of noise
 p - 4 scrolls of teleportation
 q - 3 scrolls of revelation
Potions
 d - 2 potions of might
 f - 2 potions of enlightenment
 i - 4 potions of brilliance
 o - 5 potions of cancellation
 r - a potion of magic
 D - a potion of curing
 E - a potion of attraction
 I - 2 potions of lignification


   Skills:
 + Level 13.0 Fighting
 - Level 4.6(12.9) Axes
 - Level 15.7(15.9) Maces & Flails
 - Level 3.2 Armour
 - Level 3.2 Shields


You had 10 spell levels left.
You didn't know any spells.
Your spell library contained the following spells:

 Spells                   Type           Power      Damage    Failure   Level
 Beastly Appendage        Tmut           0%         N/A       100%        1
 Magic Dart               Conj           0%         1d3       100%        1
 Call Imp                 Summ           0%         N/A       100%        2
 Ensorcelled Hibernation  Hex/Ice        0%         N/A       100%        2
 Passwall                 Tmut/Erth      0%         N/A       100%        2
 Poisonous Vapours        Pois/Air       0%         N/A       100%        2
 Searing Ray              Conj           0%         2d4       100%        2
 Wereblood                Tmut           0%         N/A       100%        2
 Mephitic Cloud           Conj/Pois/Air  0%         N/A       100%        3
 Ozocubu's Armour         Ice            0%         N/A       100%        3
 Spider Form              Tmut/Pois      0%         N/A       100%        3
 Swiftness                Air            0%         N/A       100%        3
 Fulminant Prism          Conj/Hex       0%         3d5       100%        4
 Freezing Cloud           Conj/Ice/Air   0%         6-21      100%        5
 Ozocubu's Refrigeration  Ice            0%         4d7       100%        7


Dungeon Overview and Level Annotations

Branches:
Dungeon (10/15)            Temple (1/1) D:7            Lair (1/5) D:9
    Orc (1/2) D:9

Altars:
Ashenzari
Cheibriados
Dithmenos
Elyvilon
Fedhas
Gozag
Hepliaklqana
Kikubaaqudgha
Makhleb
Nemelex Xobeh
Okawaru
Qazlal
Ru
Sif Muna
Trog
Uskayaw
Vehumet
Wu Jian
Xom
Yredelemnul
Zin
The Shining One

Shops:
D:2 :

Annotations:
D:2 1 runed translucent door, Crazy Yiuf


Innate Abilities, Weirdness & Mutations

You are mostly covered in iridescent scales. (AC +4)
You are strong-willed. (Will+)


Message History

The orc warrior hits you but does no damage.
Things that are here:
a +0 hand axe; a +0 chain mail
There is a staircase back to the Dungeon, spattered with blood here.
The orc priest calls down the wrath of Beogh upon you.
Beogh smites you!
* * * LOW HITPOINT WARNING * * *
The orc warrior hits you but does no damage.
The orc warrior hits you with a +0 mace!
* * * LOW HITPOINT WARNING * * *
The orc closely misses you.
You climb upwards.
Welcome back to the Dungeon!
There is a staircase to the Orcish Mines, spattered with blood here.
Your skin crawls.
You feel strong-willed.
The orc warrior hits you with a +0 hand axe.
* * * LOW HITPOINT WARNING * * *
The orc warrior barely misses you.
You hit the orc warrior but do no damage.
You closely miss the orc warrior.
The orc warrior hits you but does no damage. x2
You completely miss the orc warrior.
The orc warrior hits you with a +0 hand axe.
* * * LOW HITPOINT WARNING * * *
The orc warrior hits you with a +0 mace.
* * * LOW HITPOINT WARNING * * *
You closely miss the orc warrior. You puncture the orc warrior!
You feel better.
The orc warrior is heavily wounded.
The orc warrior hits you with a +0 hand axe!
* * * LOW HITPOINT WARNING * * *
The orc warrior barely misses you.
You barely miss the orc warrior.
The orc warrior is heavily wounded.
You hit the orc warrior but do no damage.
The orc warrior is heavily wounded.
The orc warrior hits you with a +0 hand axe.
* * * LOW HITPOINT WARNING * * *
The orc warrior hits you with a +0 mace.
You die...

# #########.##.........># ##
#.....#####...####....# .#
#.....##....8....#....#
'####.....##.........#....#
..........##.........#....#######
..........##.........#.......[...
..........#......................
...............o.o...............
............8...@...8............
####......#......)...............
#<........#...............!......
#####.....##.........############
...........#.........#
...........#.........#
...........#....8....#
...........####...######
............###........#


You could see 2 orc warriors.

Vanquished Creatures
  A two-headed ogre (D:10)
  A boulder beetle (D:10)
  Pikel (D:9)
  2 orc knights
  Psyche (D:10)
  3 trolls (D:10)
  Grinder (D:3)
  A wraith (D:9)
  Eustachio (D:5)
  A basilisk (Lair:1)
  3 steam dragons
  A warg (D:9)
  2 acid dragons
  3 water moccasins
  A two-headed ogre zombie (D:9)
  10 orc warriors
  2 sky beasts (D:6)
  4 ice beasts
  4 black bears
  An ogre (D:7)
  7 centaurs
  8 phantoms
  A kobold brigand (D:10)
  6 bullfrogs
  A gnoll sergeant (D:5)
  6 scorpions
  10 wights
  2 troll zombies (D:9)
  4 killer bees
  4 howler monkeys
  3 jellies (D:5)
  4 orc priests
  4 hounds
  A gnoll bouda (D:9)
  2 sleepcaps (D:4)
  Jessica (D:2)
  4 iguanas
  4 orc wizards
  5 ogre zombies (D:9)
  13 adders
  9 gnolls
  2 river rats (D:4)
  A white imp (D:5)
  3 ufetubi (D:5)
  3 worms
  6 dart slugs
  38 orcs
  A bat (D:1)
  6 endoplasms
  3 giant cockroaches
  5 goblins
  18 hobgoblins
  4 jackals (D:1)
  5 quokkas
  8 ball pythons
  A frilled lizard (D:3)
  A goblin skeleton (D:9)
  3 goblin zombies (D:9)
  2 hobgoblin zombies (D:9)
  6 kobolds
  2 orc skeletons (D:9)
  17 orc zombies (D:9)
  9 rats
287 creatures vanquished.

Vanquished Creatures (others)
  A gnoll (D:9)
1 creature vanquished.

Grand Total: 288 creatures vanquished

Notes
Turn   | Place    | Note
-------+----------+-------------------------------------------
     0 | D:1      | samel the Hill Orc Fighter began the quest for the Orb.
     0 | D:1      | Reached XP level 1. HP: 19/19 MP: 1/1
   202 | D:1      | Reached XP level 2. HP: 26/26 MP: 2/2
   785 | D:1      | Reached XP level 3. HP: 30/31 MP: 3/3
  1033 | D:2      | Noticed Jessica
  1033 | D:2      | Found a bloodstained altar of Trog.
  1099 | D:2      | Identified the +2 whip of Ascent {antimagic, rPois rN+}
  1142 | D:2      | Reached skill level 1 in Maces & Flails
  1165 | D:2      | Killed Jessica
  1166 | D:2      | Reached skill level 2 in Maces & Flails
  1166 | D:2      | Reached XP level 4. HP: 32/39 MP: 0/4
  1322 | D:2      | Found Layh's Book Shop.
  1327 | D:2      | Reached skill level 3 in Maces & Flails
  1390 | D:2      | You fall into a shaft and drop 1 floor!
  1481 | D:2      | Found a runed translucent door.
  1482 | D:2      | Noticed Crazy Yiuf
  4340 | D:3      | Found a faded altar of an unknown god.
  4369 | D:3      | Reached XP level 5. HP: 45/45 MP: 1/5
  4731 | D:3      | Noticed Grinder
  4823 | D:3      | Paralysed by Grinder for 4 turns
  4832 | D:3      | Paralysed by Grinder for 3 turns
  4881 | D:3      | Killed Grinder
  4882 | D:3      | Reached skill level 5 in Maces & Flails
  4882 | D:3      | Reached XP level 6. HP: 12/51 MP: 2/6
  5072 | D:4      | Reached skill level 6 in Maces & Flails
  5329 | D:4      | Reached XP level 7. HP: 50/57 MP: 2/7
  5565 | D:4      | Reached skill level 7 in Maces & Flails
  6182 | D:4      | Gained mutation: You are strong-willed. (Will+) [potion of
                  | mutation]
  6182 | D:4      | Gained mutation: You are partially covered in iridescent
                  | scales. (AC +2) [potion of mutation]
  6182 | D:4      | Gained mutation: You are mostly covered in iridescent
                  | scales. (AC +4) [potion of mutation]
  6186 | D:5      | Entered Level 5 of the Dungeon
  6216 | D:5      | Noticed Eustachio
  6246 | D:5      | Killed Eustachio
  6247 | D:5      | Reached skill level 8 in Maces & Flails
  6712 | D:5      | Reached skill level 9 in Maces & Flails
  6712 | D:5      | Reached XP level 8. HP: 51/64 MP: 2/8
  7281 | D:5      | Reached skill level 10 in Maces & Flails
  7624 | D:5      | Found a shadowy altar of Dithmenos.
  7634 | D:5      | Reached skill level 11 in Maces & Flails
  7924 | D:5      | Reached XP level 9. HP: 65/70 MP: 3/9
  8143 | D:6      | Reached skill level 12 in Maces & Flails
  8627 | D:6      | Reached skill level 13 in Maces & Flails
  9020 | D:6      | Reached skill level 14 in Maces & Flails
  9377 | D:6      | Reached XP level 10. HP: 71/77 MP: 3/10
  9978 | D:7      | Found a staircase to the Ecumenical Temple.
 10051 | Temple   | Entered the Ecumenical Temple
 10079 | Temple   | Became a worshipper of Trog the Wrathful
 10381 | D:7      | Reached skill level 15 in Maces & Flails
 11006 | D:8      | Found a stormy altar of Qazlal.
 11196 | D:8      | Found an ancient bone altar of Kikubaaqudgha.
 11255 | D:8      | Found a hide-covered altar of Uskayaw.
 11256 | D:8      | Found an iron altar of Okawaru.
 11483 | D:8      | Reached * piety under Trog
 11574 | D:9      | Noticed Pikel
 11594 | D:9      | Killed Pikel
 11759 | D:10     | Entered Level 10 of the Dungeon
 11871 | D:10     | Upgraded the game from 0.31-a0-162-gc4c5a43528 to
                  | 0.31-a0-166-g46f44d267d
 12042 | D:9      | Reached ** piety under Trog
 12060 | D:9      | Found a staircase to the Orcish Mines.
 12072 | D:9      | Reached XP level 11. HP: 95/95 MP: 11/11
 12109 | D:9      | Identified the +5 dagger of Satyriasis {speed, rN+ Will+
                  | Str+4}
 12390 | D:9      | Found a staircase to the Lair.
 12851 | D:10     | Noticed a boulder beetle
 12876 | D:10     | Killed a boulder beetle
 12877 | D:10     | Reached skill level 10 in Fighting
 13310 | D:10     | Identified the +1 leather armour of Foehum {Harm rElec
                  | rPois Int-4}
 13415 | D:10     | Found an ornate altar of the Wu Jian Council.
 13418 | D:10     | Noticed a two-headed ogre
 13427 | D:10     | Killed a two-headed ogre
 13470 | D:10     | Noticed Psyche
 13492 | D:10     | Killed Psyche
 13893 | D:10     | Reached *** piety under Trog
 13953 | D:10     | Noticed an orc knight
 13967 | D:10     | Killed an orc knight
 13996 | D:10     | Upgraded the game from 0.31-a0-166-g46f44d267d to
                  | 0.31-a0-174-g85c54bcb58
 14133 | Lair:1   | Entered Level 1 of the Lair of Beasts
 14153 | Lair:1   | Noticed a catoblepas
 14180 | Orc:1    | Entered Level 1 of the Orcish Mines
 14201 | Orc:1    | Noticed an orc knight
 14487 | D:9      | Killed an orc knight
 14757 | D:9      | Slain by an orc warrior

Illustrated notes

Levels and vault maps discovered:
D:1:      nicolae_arrival_somewhat_less_tricky_arrival, layout_loops_corners,
          minmay_tiny_reverse_x
D:2:      layout_rooms, serial_shops, shop_fountains, basic_altar,
          amcnicky_mini_corridor_feature, hangedman_decor_lopped,
          uniq_crazy_yiuf_cottage, uniq_jessica
D:3:      layout_loops_ring, nicolae_ecumenical_oubliette,
          kennysheep_generic_room_15, uniq_grinder
D:4:      layout_gridville, portal_sewer_entry_e
D:5:      minmay_diamond_boxcup, layout_basic, grunt_dithmenos_shadows,
          grunt_decor_fettered, kennysheep_generic_room_12, uniq_eustachio
D:6:      minmay_opposing_rooms, layout_basic, minmay_misc_feat_room,
          hangedman_decor_riveting
D:7:      minmay_skewed_foursquare, layout_loops_ring,
          minmay_temple_entry_junction_2, minmay_statues_item, dk_noncrumbling_3
D:8:      layout_rooms, kiku_gazebo_pond_becter, kennysheep_little_box,
          mainiacjoe_overflow_divided_tiny
D:9:      layout_basic, lair_entry_dummy, zombieorc2_lemuel, uniq_pikel
D:10:     cheibrodos_orc_bank, layout_long_grid, nicolae_wu_jian_wuxing_cycle,
          kennysheep_generic_room_6, uniq_psyche
Temple:   nicolae_temple_bog_church
Lair:1:   layout_hall_layers, minmay_shattered_shrine
Orc:1:    layout_diamond_mine

Skill      XL: |  1  2  3  4  5  6  7  8  9 10 11 |
---------------+----------------------------------+-----
Axes           | 3 4 |  4.6
Maces & Flails | 2 3 5 6 9 11 14 15 | 15.7
Fighting       | 8 13 | 13.0
Armour         | |  3.2
Shields        | |  3.2

Action                     |  1- 3 |  4- 6 |  7- 9 | 10-12 || total
---------------------------+-------+-------+-------+-------++-------
  Melee: War axe           |    45 |       |       |       ||    45
         Whip              |    24 |   179 |   639 |   221 ||  1063
         Dire flail        |       |       |       |   405 ||   405
  Throw: Dart              |       |       |       |     1 ||     1
 Invoke: Berserk           |       |       |       |     4 ||     4
         Trog's Hand       |       |       |       |     1 ||     1
  Evoke: Wand              |       |       |       |     7 ||     7
    Use: Potion            |       |     4 |     4 |     7 ||    15
         Scroll            |       |     8 |       |     5 ||    13
 Armour: Scale mail        |    27 |     2 |       |       ||    29
         Plate armour      |       |    63 |   237 |   300 ||   600
  Dodge: Dodged            |    31 |    22 |    56 |   134 ||   243
  Block: Buckler           |    12 |    21 |     4 |       ||    37
         Kite shield       |       |       |   235 |    75 ||   310

Table legend: (Time is in decaauts)
 A = Elapsed time spent in this place.
 B = Non-inter-level travel time spent in this place.
 C = Inter-level travel time spent in this place.
 D = Time resting spent in this place.
 E = Time spent auto-exploring this place.
 F = Levels seen in this place.
 G = Mean time per level.
                   A        B        C        D        E       F      G
               +--------+--------+--------+--------+--------+-----+--------+
         Total |  14368 |  13844 |    524 |   4112 |   6961 |  13 | 1105.2 |
       Dungeon |  14065 |  13543 |    522 |   4112 |   6784 |  10 | 1406.5 |
        Temple |    210 |    210 |      0 |      0 |    159 |   1 |  210.0 |
          Lair |     20 |     20 |      0 |      0 |      7 |   1 |   20.0 |
  Orcish Mines |     72 |     72 |      0 |      0 |     10 |   1 |   72.0 |
               +--------+--------+--------+--------+--------+-----+--------+

Top non-repeatable levels by time:
     D:2: 3086 daAuts
     D:5: 1777 daAuts
    D:10: 1552 daAuts
     D:6: 1468 daAuts
     D:9: 1437 daAuts
     D:1: 1098 daAuts
     D:4: 1052 daAuts
     D:3: 941 daAuts
     D:8: 836 daAuts
     D:7: 814 daAuts
  Temple: 210 daAuts
   Orc:1: 72 daAuts
  Lair:1: 20 daAuts
